Map: Croisement de Kairos EC

Players

Sorandom

  • Race: Protoss Protoss
  • League: Diamond
  • Spawn Location: 5:00

IA (très facile) - Winner!

  • Race: Zerg Zerg
  • Spawn Location: 11:00

VOD

Have the link to the VOD?

Description

Time

  • Played on: April 4, 2019, 11:36 a.m.
  • Length: 3:53
Show
View Real Time Build Order
Export as new Build Order

Sorandom Protoss 

Build Orders:  

Get SALT Encoding   

  12  0:03  Probe  
  13  0:14  Probe  
  13  0:21  Pylon  
  14  0:22  Probe  
  15  0:29  Assimilator  
  15  0:36  Probe  
  16  0:48  Gateway, Probe  
  17  0:59  Probe  
  18  1:07  Probe  
  19  1:15  Probe  
  20  1:43  Cybernetics Core  
  20  1:48  Probe  
  20  1:52  Zealot  
  23  2:02  Warp Gate  
  23  2:31  Pylon  
  23  2:34  Gateway  
  23  2:36  Gateway  
  23  2:49  Probe  
  24  3:01  Probe  
Show
View Real Time Build Order
Export as new Build Order

IA (très facile) Zerg - Winner!

Build Orders: Pool Only 

Get SALT Encoding   

  12  0:01  Drone  
  13  0:12  Overlord  
  13  0:16  Drone  
  14  0:36  Spawning Pool  
  14  0:37  Extractor  
  14  0:39  Drone  
  13  0:47  Drone  
  14  0:53  Overlord  
  14  1:24  Zergling x2, Queen  
  17  1:32  Roach Warren  
  17  1:34  Extractor  
  17  1:39  Drone  
  16  1:46  Drone  
  17  1:53  Zergling x2  
  18  2:04  Drone  
  19  2:12  Drone  
  20  2:21  Drone  
  20  2:22  Zergling x2  
  22  2:31  Overlord  
  22  2:34  Drone  
  23  2:42  Drone  
  24  2:49  Drone  
  25  2:52  Roach  
Tags
 
League
Diamond
Matchup
PvZ
Opening
Pool Only
Replay Pack
Pack 2
Spawn Locations
Cross Positions
Add a new tag
Caveats
  • Supply blocks, unpowered buildings, or Contaminate may cause inaccurate times.
  • Supply counts are checked every 10 seconds.